 Dungeon Crawl Stone Soup version 0.24.0-29-g8ce449bc06 (webtiles) character file.

Game seed: 17054829878508410236, levelgen mode: deterministic

2025 Gumption the Frost Mage (level 9, -13/79 (80) HPs)
             Began as a Naga Ice Elementalist on Nov 16, 2019.
             Was a Believer of Cheibriados.
             Killed by divine providence
             ... invoked by an orc priest
              (15 damage)
             ... on level 7 of the Dungeon.
             The game lasted 01:08:25 (8260 turns).

Gumption the Frost Mage (Naga Ice Elementalist)     Turns: 8260, Time: 01:08:26

HP:   -13/79 (80)   AC:  9    Str: 14    XL:     9   Next: 23%
MP:   16/16         EV: 10    Int: 22    God:    Cheibriados [**....]
Gold: 373           SH:  0    Dex: 17    Spells: 4/18 levels left

rFire    . . .     SeeInvis +   b - +1 shortbow (freeze)
rCold    . . .     Gourm    .   (shield currently unavailable)
rNeg     . . .     Faith    .   o - +3 leather armour
rPois    +         Spirit   .   (no helmet)
rElec    .         Reflect  .   h - +1 cloak
rCorr    .         Harm     .   (no gloves)
MR       +....                  (no barding)
Stlth    ++........             i - amulet of regeneration
HPRegen  0.63/turn              (no ring)
MPRegen  0.15/turn              (no ring)

@: very slow
A: large, see invisible, deformed body, poison resistance, slowness 2, slow
metabolism 1, spit poison 1, AC +3
a: Spit Poison, Bend Time, Renounce Religion


You were on level 7 of the Dungeon.
You worshipped Cheibriados.
Cheibriados was pleased with you.
You were not hungry.

You visited 2 branches of the dungeon, and saw 8 of its levels.

You collected 373 gold pieces.

Inventory:

Hand Weapons
 a - a +3 dagger of venom
 b - a +1 shortbow of freezing (weapon)
Missiles
 c - 226 stones
 d - 63 sling bullets
 s - 15 poisoned darts
 w - 59 arrows (quivered)
Armour
 f - a cursed +0 robe
 h - a +1 cloak (worn)
 o - a +3 leather armour (worn)
Jewellery
 i - an amulet of regeneration (around neck)
Wands
 l - a wand of paralysis (4)
 n - a wand of acid (11)
 x - a wand of flame (11)
 y - a wand of iceblast (12)
 z - a wand of polymorph (3)
Scrolls
 j - 3 scrolls of teleportation
 m - 7 scrolls of remove curse
 B - a scroll of enchant armour
Potions
 g - 3 potions of lignification
 k - a potion of agility
 p - 3 potions of curing
 q - a potion of flight
 r - 2 potions of heal wounds
 t - 2 potions of mutation
 u - 2 potions of haste
 v - 2 potions of cancellation
Comestibles
 e - 15 rations


   Skills:
 + Level 4.9 Fighting
 - Level 1.5 Dodging
 - Level 3.0 Stealth
 + Level 5.0 Spellcasting
 - Level 3.0 Conjurations
 - Level 3.0 Charms
 - Level 3.0 Summonings
 * Level 8.1 Ice Magic


You had 4 spell levels left.
You knew the following spells:

 Your Spells              Type           Power        Failure   Level  Hunger
a - Freeze                Ice            ####         1%          1    None
b - Throw Frost           Conj/Ice       ####..       1%          2    None
c - Ozocubu's Armour      Chrm/Ice       ####....     4%          3    ##.....
d - Summon Ice Beast      Ice/Summ       ####....     13%         4    ####...
e - Throw Icicle          Conj/Ice       ####....     13%         4    ####...

Your spell library contained the following spells:

 Spells                   Type           Power        Failure   Level  Hunger


Dungeon Overview and Level Annotations

Branches:
Dungeon (7/15)             Temple (1/1) D:5

Altars:
Ashenzari
Cheibriados
Dithmenos
Fedhas
Gozag
Makhleb
Nemelex Xobeh
Okawaru
Sif Muna
Trog
Uskayaw
Vehumet
Wu Jian
Xom
Yredelemnul
Zin
The Shining One

Annotations:
D:2 exclusion: downstairs
D:3 exclusion: door
D:4 2 transporters
D:5 exclusion: door, Jessica


Innate Abilities, Weirdness & Mutations

You cannot wear boots.
Your serpentine skin is tough. (AC +3)
You have supernaturally acute eyesight. (SInv)
Armour fits poorly on your strangely shaped body.
Your system is resistant to poisons. (rPois)
You cover ground very slowly.
You have a slow metabolism.
You can spit poison.


Message History

Firing (i - inventory. (/) - cycle)
w - 61 arrows (quivered)
Press: ? - help, Shift-Dir - straight line, f/p - orc warrior
Aim: an orc warrior, wielding a +0 glaive and wearing a +0 chain mail (almost dead)
You shoot an arrow.
The arrow barely misses the orc warrior.
The arrow hits the orc priest but does no damage.
The orc priest is lightly wounded.
The orc warrior hits you from afar with a +0 glaive!
* * * LOW HITPOINT WARNING * * *
Firing (i - inventory. (/) - cycle)
w - 60 arrows (quivered)
Press: ? - help, Shift-Dir - straight line, f/p - orc warrior
Aim: an orc warrior, wielding a +0 glaive and wearing a +0 chain mail (almost dead)
You shoot an arrow.
The arrow closely misses the orc warrior.
The arrow hits the orc priest but does no damage.
The orc priest is lightly wounded.
The orc warrior hits you but does no damage.
The orc priest invokes the aid of Beogh against you.
Beogh smites you!
You die...

#######################.....#.#.
#......... ####.......#.
##............ #..#..#..#..#.
#.#..#..#..#.. #...#..#..#..#
(##########..#..#..#..#.
.(looo.@....#..#..#..#..
(.########..............
#.............# ###############


You could see an orc warrior, an iguana and 2 orc priests.

Vanquished Creatures
  Eustachio (D:6)
  2 ice beasts
  2 orc warriors
  A necrophage (D:7)
  2 ogres
  A sky beast (D:5)
  A centaur (D:5)
  2 big kobolds (D:5)
  3 bullfrogs (D:6)
  A scorpion (D:4)
  2 crimson imps (D:5)
  A bullfrog skeleton (D:7)
  A jelly (D:5)
  An orc priest (D:3)
  2 hounds
  6 orc wizards
  2 iguanas
  2 worker ants
  A worker ant zombie (D:7)
  4 gnolls
  7 adders
  4 worms
  2 dart slugs
  3 leopard geckos
  24 orcs
  A ball python (D:1)
  6 giant cockroaches
  8 goblins
  5 hobgoblins
  15 jackals
  4 quokkas
  5 bats
  4 frilled lizards
  2 jackal skeletons (D:6)
  14 kobolds
  A leopard gecko skeleton (D:5)
  9 rats
152 creatures vanquished.

Vanquished Creatures (others)
  7 toadstools (D:5)
7 creatures vanquished.

Grand Total: 159 creatures vanquished

Notes
Turn   | Place    | Note
-------+----------+-------------------------------------------
     0 | D:1      | Gumption the Naga Ice Elementalist began the quest for the
                  | Orb.
     0 | D:1      | Reached XP level 1. HP: 15/15 MP: 3/3
   592 | D:1      | Reached XP level 2. HP: 24/24 MP: 5/5
   596 | D:1      | Learned a level 2 spell: Throw Frost
   929 | D:1      | Reached skill level 1 in Fighting
   932 | D:1      | Reached XP level 3. HP: 29/31 MP: 2/6
  1264 | D:1      | Learned a level 3 spell: Ozocubu's Armour
  2007 | D:2      | Reached XP level 4. HP: 38/38 MP: 3/7
  2467 | D:3      | Found a faded altar of an unknown god.
  2571 | D:3      | Reached skill level 4 in Ice Magic
  2576 | D:3      | Reached skill level 1 in Charms
  2576 | D:3      | Reached XP level 5. HP: 28/45 MP: 0/9
  3614 | D:3      | Found a shimmering blue altar of Sif Muna.
  3943 | D:3      | Reached XP level 6. HP: 52/52 MP: 1/10
  4012 | D:3      | Learned a level 4 spell: Summon Ice Beast
  4347 | D:4      | Found a basalt altar of Yredelemnul.
  4349 | D:4      | Noticed a profane servitor
  4357 | D:4      | Found a glowing golden altar of the Shining One.
  4359 | D:4      | Noticed an angel
  4458 | D:4      | Reached skill level 5 in Ice Magic
  4745 | D:4      | Noticed an orc warrior
  4764 | D:4      | Killed an orc warrior
  4764 | D:4      | Reached XP level 7. HP: 26/61 MP: 2/11
  5127 | D:4      | Found a bloodstained altar of Trog.
  5129 | D:4      | Found a transporter.
  5144 | D:4      | Found a transporter.
  5626 | D:5      | Entered Level 5 of the Dungeon
  5668 | D:5      | Found an iron altar of Okawaru.
  5988 | D:5      | Found a sparkling altar of Nemelex Xobeh.
  5988 | D:5      | Noticed Jessica
  6077 | D:5      | Reached skill level 6 in Ice Magic
  6222 | D:5      | Noticed a slime creature
  6222 | D:5      | Noticed a slime creature
  6248 | D:5      | Found a staircase to the Ecumenical Temple.
  6269 | D:5      | Reached XP level 8. HP: 69/69 MP: 8/13
  6276 | Temple   | Entered the Ecumenical Temple
  6306 | Temple   | Became a worshipper of Cheibriados the Contemplative
  6504 | D:5      | Reached skill level 1 in Summonings
  6513 | D:5      | Learned a level 4 spell: Throw Icicle
  6891 | D:6      | Reached * piety under Cheibriados
  6896 | D:6      | Reached skill level 7 in Ice Magic
  6915 | D:6      | Found a shadowy altar of Dithmenos.
  7160 | D:6      | Noticed Eustachio
  7207 | D:6      | Killed Eustachio
  7207 | D:6      | Reached XP level 9. HP: 32/79 MP: 10/16
  7818 | D:7      | Reached ** piety under Cheibriados
  7966 | D:7      | Found a glowing silver altar of Zin.
  8058 | D:7      | Reached skill level 8 in Ice Magic
  8091 | D:7      | Reached skill level 5 in Spellcasting
  8259 | D:7      | HP: 1/79 [orc warrior/+0 glaive (9)]
  8260 | D:7      | Killed from afar by an orc priest

Levels and vault maps discovered:
D:1:      lightli_arrival_flooded_house, layout_loops_ring
D:2:      layout_basic
D:3:      kb_forest_paths, layout_basic, led_sif_book,
          chequers_ecumenical_altar_simple_redux, first_ration
D:4:      layout_loops_corners, grunt_temple_overflow_holy_war,
          gammafunk_temple_overflow_arena
D:5:      cheibrodos_fertilizer, layout_basic, okawaru_trees_1,
          minmay_temple_entry_tees, nemelex_lonely_heart_becter
D:6:      layout_basic, gup_sewer_entry_spiral, hex_tiny,
          minmay_misc_feat_encased, grunt_dithmenos_smoke_and_mirrors,
          uniq_eustachio
D:7:      layout_basic, lemuel_round_altar, kennysheep_little_box,
          grunt_decor_clamped, minmay_misc_feat_diagonals
Temple:   eino_wide_crystal_templ

Skill      XL: |  1  2  3  4  5  6  7  8  9 |
---------------+----------------------------+-----
Fighting       | 1 2 3 4 |  4.9
Ice Magic      | 4 5 6 7 8 |  8.1
Charms         | 1 2 3 |  3.0
Conjurations   | 2 3 |  3.0
Spellcasting   | 3 4 5 |  5.0
Summonings     | 2 3 |  3.0
Dodging        | |  1.5
Stealth        | |  3.0

Action                   |  1- 3 |  4- 6 |  7- 9 || total
-------------------------+-------+-------+-------++-------
Melee: Dagger            |    15 |    51 |   189 ||   255
       Unarmed           |     2 |       |       ||     2
 Fire: Shortbow          |       |       |    66 ||    66
Throw: Stone             |       |     3 |       ||     3
       Dart              |       |       |     1 ||     1
 Cast: Freeze            |    51 |    38 |    90 ||   179
       Throw Frost       |     3 |    20 |     4 ||    27
       Ozocubu's Armour  |       |       |     2 ||     2
 Abil: Spit Poison       |     1 |       |       ||     1
Evoke: Wand              |       |       |    11 ||    11
  Use: Scroll            |     5 |     7 |     4 ||    16
       Potion            |       |     2 |     1 ||     3
 Stab: Sleeping          |     1 |     4 |     4 ||     9
  Eat: Chunk             |     3 |     8 |     6 ||    17
       Ration            |       |       |     1 ||     1
Armor: Robe              |    27 |       |       ||    27
       Leather armour    |       |    35 |   133 ||   168
Dodge: Dodged            |    33 |    43 |   123 ||   199
